 Dungeon Crawl Stone Soup version 0.23.2-30-g0e89c35649 (webtiles) character file.

Game seed: 15466294805636699195

37 jamsan the Sneak (level 3, 0/16 HPs)
             Began as a Spriggan Enchanter on June 16, 2019.
             Succumbed to an adder's poison
             ... on level 2 of the Dungeon.
             The game lasted 00:09:19 (1479 turns).

jamsan the Sneak (Spriggan Enchanter)               Turns: 1479, Time: 00:09:19

Health: 0/16       AC:  4    Str:  1 (4)  XL:     3   Next: 21%
Magic:  8/8        EV: 18    Int: 14 (16) God:
Gold:   42         SH:  0    Dex: 16 (17) Spells: 4/7 levels left

rFire    . . .     SeeInvis +   a - +1 dagger
rCold    . . .     Gourm    .   (shield restricted)
rNeg     . . .     Faith    .   b - +0 robe
rPois    .         Spirit   .   (helmet restricted)
rElec    .         Reflect  .   g - +1 cloak
rCorr    +         Harm     .   (gloves unavailable)
MR       .....                  (boots unavailable)
Stlth    +++.......             (no amulet)
HPRegen  0.05/turn              c - ring of resist corrosion
MPRegen  0.11/turn              (no ring)

@: lethally poisoned (0 -> -3), very slightly contaminated, invisible, very
quick
A: very small, unfitting armour, see invisible, herbivore, speed 3, slow
metabolism 2
a: no special abilities


You were on level 2 of the Dungeon.
You were not hungry.

You visited 1 branch of the dungeon, and saw 2 of its levels.

You collected 42 gold pieces.

Inventory:

Hand Weapons
 a - a +1 dagger (weapon)
Missiles
 h - 3 curare-tipped needles
Armour
 b - a +0 robe (worn)
 g - a +1 cloak (worn)
Jewellery
 c - a ring of resist corrosion (left hand)
Scrolls
 e - a scroll of identify
 f - a scroll of remove curse
Comestibles
 d - 2 rations


   Skills:
 + Level 2.5 Short Blades
 - Level 3.0 Dodging
 + Level 5.6 Stealth
 - Level 2.6 Spellcasting
 - Level 3.6 Hexes


You had 4 spell levels left.
You knew the following spells:

 Your Spells              Type           Power        Failure   Level  Hunger
a - Corona                Hex            ##.....      4%          1    #......
b - Ensorcelled Hibernat  Hex/Ice        #.....       16%         2    ###....

Your spell library contained the following spells:

 Spells                   Type           Power        Failure   Level  Hunger
 Confuse                  Hex            ##......     16%         3    ###....
 Tukima's Dance           Hex            ##......     16%         3    ###....
 Dazzling Spray           Conj/Hex       #.....       32%         3    ###....


Dungeon Overview and Level Annotations

Branches:
Dungeon (2/15)

Altars:

Annotations:
D:1 1 runed translucent door


Innate Abilities, Weirdness & Mutations

You are very small and have problems with some larger weapons.
You are too small for most types of armour.
You have supernaturally acute eyesight. (SInv)
You are a herbivore.
You cover ground extremely quickly.
You need to consume almost no food.


Message History

You are very lightly contaminated with residual magic.
As you read the scroll labeled WEOZXO CESY, it crumbles to dust.
You feel blessed for a moment.
It was a scroll of remove curse.
* * * LOW HITPOINT WARNING * * *
You feel sick.
Found 7 gold pieces.
Found a runed cloak.
Found a stone staircase leading down.
* * * LOW HITPOINT WARNING * * *
You feel sick.
You see here 7 gold pieces.
You see here a runed cloak.
g - a runed cloak You start putting on your armour.
You continue putting on your runed cloak.
Keep equipping yourself?
* * * LOW HITPOINT WARNING * * *
You feel sick.
You continue putting on your runed cloak. x3
You finish putting on your +1 cloak.
You die...

##..#...##..
####.........###
#...............
###.##)####....#
#....#.####....####.
+...†........?......
#....#<#####...####
.....#+##.# ##$.#
..... #.# #@.# .....
............# ....
##.####......# ...S
#.# #....>.# #.#
#......# #.#
#......# #.#
#......# #......#


There were no monsters in sight!

Vanquished Creatures
  An adder (D:2)
  A dart slug (D:1)
  A leopard gecko (D:1)
  3 bats (D:1)
  A giant cockroach (D:1)
  2 goblins (D:1)
  3 hobgoblins (D:1)
  4 frilled lizards
  8 kobolds
  2 rats
26 creatures vanquished.

Notes
Turn   | Place    | Note
-------+----------+-------------------------------------------
     0 | D:1      | jamsan the Spriggan Enchanter began the quest for the Orb.
     0 | D:1      | Reached XP level 1. HP: 9/9 MP: 5/5
     3 | D:1      | Found a runed translucent door.
     6 | D:1      | Noticed a jelly
   255 | D:1      | Reached XP level 2. HP: 8/13 MP: 6/6
   546 | D:2      | Reached skill level 5 in Stealth
   679 | D:1      | Learned a level 2 spell: Ensorcelled Hibernation
  1460 | D:2      | Reached XP level 3. HP: 5/16 MP: 8/8
  1479 | D:2      | Succumbed to an adder's poison

Skill      XL: |  1  2 |
---------------+-------+-----
Stealth        | 5 |  5.6
Short Blades   | 2 |  2.5
Dodging        | |  3.0
Spellcasting   | |  2.6
Hexes          | |  3.6

Action                   || total
-------------------------++-------
Melee: Dagger            ||   122
 Cast: Corona            ||     6
  Use: Potion            ||     3
       Scroll            ||     2
 Stab: Sleeping          ||     5
Armor: Skin              ||    14
       Robe              ||    17
Dodge: Dodged            ||    98
